 Dungeon Crawl Stone Soup version 0.19.1-1-g22dce08 (webtiles) character file.

93 Macro the Shield-Bearer (level 4, 0/30 HPs)
             Began as a Halfling Fighter on Jan 14, 2017.
             Slain by a jackal (1 damage)
             ... on level 3 of the Dungeon.
             The game lasted 00:09:12 (2239 turns).

Macro the Shield-Bearer (Halfling Fighter)          Turns: 2239, Time: 00:09:12

Health: 0/30       AC:  9    Str: 17    XL:     4   Next: 91%
Magic:  4/4        EV:  7    Int:  6    God:
Gold:   105        SH: 10    Dex: 14    Spells: 0 memorised, 3 levels left

rFire  . . .     SeeInvis .     a - +0 rapier
rCold  . . .     Gourm    .     m - +0 chain mail
rNeg   . . .     Faith    .     c - +0 shield
rPois  .         Spirit   .     (no helmet)
rElec  .         Reflect  .     (no cloak)
rCorr  .         Harm     .     (no gloves)
MR     .....                    (no boots)
Stlth  ..........               (no amulet)
                                (no ring)
                                (no ring)

@: no status effects
A: mutation resistance 1
a: no special abilities


You were on level 3 of the Dungeon.
You were not hungry.

You visited 1 branch of the dungeon, and saw 3 of its levels.

You collected 105 gold pieces.

Inventory:

Hand Weapons
 a - a +0 rapier (weapon)
Armour
 b - a +0 scale mail
 c - a +0 shield (worn)
 m - a +0 chain mail (worn)
Jewellery
 n - an uncursed ring of poison resistance {unknown}
Scrolls
 e - 2 scrolls of recharging {unknown}
 g - 5 scrolls of magic mapping {unknown}
 h - 2 scrolls of identify {unknown}
 o - a scroll of fog {unknown}
 p - a scroll of amnesia {unknown}
 q - a scroll of remove curse {unknown}
Potions
 d - 2 potions of might
 f - a potion of curing {unknown}
 k - 2 potions of haste
Comestibles
 i - a slice of pizza
 j - a bread ration
 l - 2 fruits


   Skills:
 + Level 2.9 Fighting
 + Level 3.7 Short Blades
 + Level 3.8 Armour
 + Level 0.9 Dodging
 + Level 4.2 Shields


You had 3 spell levels left.
You didn't know any spells.

Dungeon Overview and Level Annotations

Branches:
Dungeon (3/15)

Altars:

Annotations:
D:3 Natasha


Innate Abilities, Weirdness & Mutations

You are small and have problems with some larger weapons.
You are somewhat resistant to further mutation.


Message History

Natasha is moderately wounded.
You block the jackal's attack. Natasha completely misses you.
You block the jackal's attack. The leopard gecko bites you.
You closely miss Natasha.
Natasha is moderately wounded.
You block the jackal's attack. The jackal barely misses you. Natasha claws you.
The leopard gecko bites you. You block the jackal's attack.
The jackal barely misses you. Natasha claws you.
You hit Natasha.
Natasha is severely wounded.
You block the leopard gecko's attack. You block the jackal's attack.
The jackal bites you.
* * * LOW HITPOINT WARNING * * *
The leopard gecko barely misses you.
Natasha stares at you and mumbles some strange words.
The magic dart hits you!
* * * LOW HITPOINT WARNING * * *
The jackal bites you but does no damage.
The jackal bites you.
You die...

#....#.###
##.<..#...
.........
..(.....#
#....#<#
#....#w#
#....wh#####.#
#....hlh.....#
##..##@#######
#.. #h# ...
.5. ### .....
....### .#####
#. #


You could see a worm, Natasha, a shadow imp, a dart slug, a leopard gecko and 3
jackals.

Vanquished Creatures
  An adder (D:2)
  3 gnolls
  A worm (D:1)
  3 dart slugs (D:1)
  A leopard gecko (D:2)
  2 bats (D:1)
  4 giant cockroaches
  6 goblins
  6 hobgoblins
  6 jackals
  A quokka (D:2)
  2 ball pythons (D:2)
  A frilled lizard (D:1)
  5 kobolds
  A rat (D:2)
43 creatures vanquished.

Notes
Turn   | Place    | Note
-------+----------+-------------------------------------------
     0 | D:1      | Macro the Halfling Fighter began the quest for the Orb.
     0 | D:1      | Reached XP level 1. HP: 15/15 MP: 1/1
    86 | D:1      | Reached XP level 2. HP: 13/20 MP: 2/2
   824 | D:2      | Reached XP level 3. HP: 4/25 MP: 3/3
  1739 | D:2      | Reached XP level 4. HP: 30/30 MP: 4/4
  1741 | D:2      | Reached skill level 4 in Shields
  2229 | D:3      | Noticed Natasha
  2239 | D:3      | HP: 1/30 [Natasha/magic dart (8)]
  2239 | D:3      | Slain by a jackal

Skill      XL: |  1  2  3  4 |
---------------+-------------+-----
Short Blades   | 3 |  3.7
Shields        | 4 |  4.2
Fighting       | |  2.9
Armour         | |  3.8
Dodging        | |  0.9

Action                   |  1- 3 |  4- 6 || total
-------------------------+-------+-------++-------
Melee: Rapier            |   130 |    73 ||   203
  Use: Potion            |     2 |       ||     2
  Eat: Bread ration      |     1 |       ||     1
       Chunk             |     1 |       ||     1
Armor: Scale mail        |    13 |       ||    13
       Chain mail        |    67 |    41 ||   108
Dodge: Dodged            |    41 |    29 ||    70
Block: Shield            |    85 |    58 ||   143
